 Dungeon Crawl Stone Soup version 0.27.1-3-gb3d3a73c9e (webtiles) character file.

Game seed: 14822311400208319

39042 CuBeRJAN3 the Fighter (level 13, -2/111 HPs)
             Began as a Demonspawn Berserker on Oct 12, 2021.
             Was a High Priest of Trog.
             Slain by a death yak (19 damage)
             ... on level 5 of the Lair of Beasts on Oct 16, 2021.
             The game lasted 01:04:01 (17357 turns).

CuBeRJAN3 the Fighter (Demonspawn Berserker)       Turns: 17357, Time: 01:04:02

Health: -2/111     AC: 27    Str: 19    XL:     13   Next: 67%
Magic:  13/13      EV:  9    Int: 14    God:    Trog [*****.]
Gold:   924        SH:  4    Dex: 15    Spells: 12/12 levels left

rFire    . . .     SeeInvis .   H - +3 battleaxe (flame)
rCold    . . .     Faith    .   (shield currently unavailable)
rNeg     . . .     Spirit   .   F - +3 plate armour
rPois    +         Reflect  .   L - +1 hat {Will+}
rElec    .         Harm     .   w - +1 cloak
rCorr    .         Rampage  .   h - +2 pair of gloves
Will     +....                  (boots unavailable)
Stlth    ..........             r - amulet of regeneration
HPRegen  1.28/turn              c - ring of poison resistance
MPRegen  0.13/turn              o - +4 ring of protection

@: no status effects
A: hooves 3, powered by death 1, big brain 2, condensation shield, bedeviling
a: Renounce Religion, Berserk, Trog's Hand, Brothers in Arms


You were on level 5 of the Lair of Beasts.
You worshipped Trog.
Trog was extremely pleased with you.
You visited 3 branches of the dungeon, and saw 18 of its levels.

You collected 924 gold pieces.

Inventory:

Hand Weapons
 b - a +0 hunting sling
 H - a +3 battleaxe of flaming (weapon)
Missiles
 p - 131 sling bullets
Armour
 d - a +0 animal skin
 e - a +0 scale mail
 h - a +2 pair of gloves (worn)
 j - a +2 hat
 w - a +1 cloak (worn)
 F - a +3 plate armour (worn)
 L - a +1 hat of willpower (worn)
Jewellery
 c - a ring of poison resistance (left hand)
 o - a +4 ring of protection (right hand)
 r - an amulet of regeneration (around neck)
 C - an amulet of magic regeneration
 J - a ring of fire
Wands
 A - a wand of iceblast (3)
 I - a wand of mindburst (12)
 M - a wand of flame (13)
 P - a wand of paralysis (6)
 Q - a wand of polymorph (6)
Scrolls
 f - 2 scrolls of holy word
 g - 11 scrolls of teleportation
 m - 5 scrolls of fog
 n - a scroll of blinking
 q - 6 scrolls of vulnerability
 v - 2 scrolls of summoning
 x - 2 scrolls of noise
 y - 4 scrolls of fear
 z - a scroll of immolation {unknown}
 D - a scroll of amnesia {unknown}
 O - a scroll of identify
Potions
 a - a potion of haste {unknown}
 i - 8 potions of curing
 k - a potion of might
 l - 3 potions of degeneration
 s - 2 potions of berserk rage {unknown}
 t - 3 potions of heal wounds
 u - a potion of invisibility {unknown}
 B - a potion of brilliance {unknown}
 E - 2 potions of mutation
 G - a potion of ambrosia {unknown}
 K - a potion of flight {unknown}
 N - a potion of attraction {unknown}
 R - a potion of magic {unknown}
 S - a potion of lignification {unknown}
Miscellaneous
 T - a lightning rod (4/4)


   Skills:
 * Level 13.4 Fighting
 * Level 12.4 Axes
 + Level 9.0 Armour
 + Level 9.0 Dodging
 + Level 5.8 Evocations


You had 12 spell levels left.
You didn't know any spells.
Your spell library was empty.

Dungeon Overview and Level Annotations

Branches:
Dungeon (11/15)            Temple (1/1) D:6            Lair (6/6) D:11
 Shoals (0/4) Lair:3       Spider (0/4) Lair:2          Orc (0/2) D:11
  Slime: Lair:5-6

Altars:
Ashenzari
Cheibriados
Dithmenos
Elyvilon
Fedhas
Gozag
Hepliaklqana
Kikubaaqudgha
Makhleb
Nemelex Xobeh
Okawaru
Qazlal
Ru
Sif Muna
Trog
Uskayaw
Vehumet
Wu Jian
Xom
Yredelemnul
Zin
The Shining One
Beogh

Shops:
D:11 (

Annotations:
D:4 3 runed translucent doors, exclusion: 3 doors, Atelerd's ghost, novice OpEE
D:9 3 exclusions
D:11 Shop downstairs
Lair:1 1 exclusion
Lair:2 1 exclusion
Lair:4 2 transporters, exclusions: downstairs and 1 more exclusion, Sopaderocas's ghost, journeyman GrEE


Innate Abilities, Weirdness & Mutations

You have hooves in place of feet.
You regenerate a little health from kills.
You have an extremely huge brain. (Int +4)
A meltable shield of frost defends you. (SH +4)
Your hexes are more powerful.


Message History

You slash the death yak! You burn the death yak. The death yak gores you.
The death yak gores you but does no damage.
The death yak barely misses you.
You slice the death yak!! You burn the death yak. You kick the death yak.
You kill the death yak!
Trog accepts your kill.
You slash the death yak! You burn the death yak.
You kill the death yak!
Trog accepts your kill.
You hit the death yak but do no damage. You slash the death yak!
You burn the death yak. The death yak gores you. The death yak gores you!!
* * * LOW HITPOINT WARNING * * *
You feel much better. The death yak gores you. The death yak gores you!
* * * LOW HITPOINT WARNING * * *
The death yak gores you.
* * * LOW HITPOINT WARNING * * *
You slash the death yak! You burn the death yak. You kick the death yak.
The death yak is almost dead.
You barely miss the death yak. You slash the death yak! You burn the death yak.
The death yak gores you but does no damage. x3
You slice the death yak!! You burn the death yak.
You kill the death yak!
Trog accepts your kill.
You slash the death yak! You burn the death yak.
Your plate armour prevents you from hitting the death yak.
You block the death yak's attack. x2; The death yak gores you!
* * * LOW HITPOINT WARNING * * *
Your Dodging skill increases to level 9!
You feel much better. The death yak closely misses you.
The death yak gores you but does no damage.
You hit the death yak. You burn the death yak. You kick the death yak.
The death yak is heavily wounded.
You hit the death yak but do no damage.
The death yak gores you but does no damage.
The death yak gores you!!
* * * LOW HITPOINT WARNING * * *
You hit the death yak but do no damage.
The death yak is heavily wounded.
You hit the death yak but do no damage. The death yak gores you!!
You die...

##.######.###.##.#### ###
...##..........(..#.####.#
≈♣÷................###P..#
.♣≈P.................P...#
≈♣≈......................#
.≈.......................#
...................>.....#
................Y†.......#
................@........#
.................Y.......#
.....................##..#
.........###..##......#..#
.#.##...## #P####.#..#.#.#
######### ### #.#######.#
# ### ###


You could see 2 death yaks.

Vanquished Creatures
  Gastronok (Lair:3)
  A hydra (Lair:3)
  2 catoblepae
  3 two-headed ogres
  5 death yaks
  4 cyclopes
  3 elephants (Lair:2)
  2 manticores
  4 black mambas
  9 cane toads
  2 torpor snails
  8 rime drakes
  7 komodo dragons
  A polar bear (Lair:6)
  3 jumping spiders (Lair:2)
  5 trolls
  7 blink frogs
  4 dream sheep (Lair:5)
  Eustachio (D:6)
  A water elemental (D:11)
  28 yaks
  7 wyverns (Lair:4)
  8 basilisks
  9 water moccasins
  A hell hound (Lair:4)
  6 orc warriors
  2 ice beasts
  3 black bears
  A necrophage (D:5)
  2 ogres
  3 wolves
  3 centaurs
  3 kobold brigands
  8 bullfrogs
  2 scorpions
  A wyvern skeleton (D:7)
  13 killer bees
  10 wights
  6 howler monkeys
  6 electric eels (D:11)
  5 centaur zombies
  A bullfrog zombie (D:7)
  3 orc priests
  A jelly (D:8)
  2 hounds
  2 bullfrog skeletons (D:7)
  A gnoll shaman (D:6)
  6 iguanas
  3 iron imps (D:8)
  19 orc wizards
  7 hell rats
  3 gnolls (D:6)
  9 river rats (Lair:2)
  7 adders
  A shadow imp (D:7)
  14 white imps
  An ufetubus (D:7)
  2 adder skeletons (D:4)
  2 dart slugs
  32 orcs
  9 bats
  6 endoplasms
  4 giant cockroaches
  7 goblins
  6 hobgoblins
  6 jackals
  21 kobolds
  6 quokkas
  5 ball pythons
  5 frilled lizards
  7 rats
398 creatures vanquished.

Vanquished Creatures (collateral kills)
  A boulder beetle (Lair:4)
  Urug (Lair:2)
  3 elephants (Lair:2)
  A water moccasin (Lair:2)
  A fungus (Lair:2)
7 creatures vanquished.

Vanquished Creatures (others)
  An orc wizard (D:11)
  2 orcs
  2 bushes (Lair:6)
  13 fungi
  47 plants
65 creatures vanquished.

Grand Total: 470 creatures vanquished

Notes
Turn   | Place    | Note
-------+----------+-------------------------------------------
     0 | D:1      | CuBeRJAN3 the Demonspawn Berserker began the quest for the
                  | Orb.
     0 | D:1      | Reached XP level 1. HP: 18/18 MP: 1/1
   299 | D:1      | Gained mutation: You have large cloven feet. [demonic
                  | ancestry]
   299 | D:1      | Reached XP level 2. HP: 24/24 MP: 2/2
   730 | D:1      | Found a faded altar of an unknown god.
   753 | D:1      | Reached ** piety under Trog
   806 | D:1      | Reached XP level 3. HP: 29/29 MP: 3/3
  1527 | D:2      | Reached XP level 4. HP: 37/37 MP: 4/4
  2014 | D:3      | Found a hide-covered altar of Uskayaw.
  2310 | D:3      | Found an ornate altar of the Wu Jian Council.
  2558 | D:3      | Reached skill level 4 in Fighting
  2937 | D:4      | Noticed a scorpion
  2945 | D:4      | Killed a scorpion
  2945 | D:4      | Reached *** piety under Trog
  2946 | D:4      | Reached XP level 5. HP: 42/42 MP: 5/5
  3318 | D:4      | Found a runed translucent gate.
  3318 | D:4      | Found a runed translucent gate.
  3318 | D:4      | Found a runed translucent gate.
  3318 | D:4      | Noticed Atelerd's ghost (novice OpEE)
  3549 | D:4      | Found a basalt altar of Yredelemnul.
  3549 | D:4      | Found a hazy altar of Hepliaklqana.
  3549 | D:4      | Found a shimmering blue altar of Sif Muna.
  3924 | D:5      | Entered Level 5 of the Dungeon
  4108 | D:5      | Gained mutation: A meltable shield of frost defends you.
                  | (SH +4) [demonic ancestry]
  4108 | D:5      | Reached XP level 6. HP: 30/49 MP: 6/6
  4201 | D:5      | Noticed a water moccasin
  4227 | D:5      | Killed a water moccasin
  4228 | D:5      | Reached skill level 5 in Fighting
  4419 | D:5      | Reached XP level 7. HP: 56/56 MP: 7/7
  4672 | D:5      | Reached skill level 5 in Axes
  5272 | D:5      | Found a shadowy altar of Dithmenos.
  5540 | D:5      | Reached skill level 6 in Fighting
  5796 | D:6      | Gained mutation: You have an unusually large brain. (Int
                  | +2) [demonic ancestry]
  5796 | D:6      | Reached XP level 8. HP: 64/64 MP: 8/8
  5955 | D:6      | Noticed a cyclops
  6339 | D:6      | Noticed Eustachio
  6351 | D:6      | Killed Eustachio
  6458 | D:6      | Found a sparkling altar of Nemelex Xobeh.
  6552 | D:6      | Found a staircase to the Ecumenical Temple.
  6561 | Temple   | Entered the Ecumenical Temple
  6904 | D:6      | Killed a cyclops
  6905 | D:6      | Reached skill level 7 in Fighting
  7214 | D:7      | Gained mutation: You have hoof-like feet. [demonic
                  | ancestry]
  7214 | D:7      | Reached XP level 9. HP: 61/72 MP: 9/9
  7702 | D:7      | Noticed a two-headed ogre
  7709 | D:7      | Killed a two-headed ogre
  7710 | D:7      | Reached skill level 8 in Fighting
  7710 | D:7      | Reached skill level 5 in Armour
  7710 | D:7      | Reached skill level 5 in Dodging
  8196 | D:8      | Found a burning altar of Makhleb.
  8274 | D:8      | Noticed a two-headed ogre
  8286 | D:8      | Killed a two-headed ogre
  8443 | D:8      | Gained mutation: You have hooves in place of feet. [demonic
                  | ancestry]
  8443 | D:8      | Reached XP level 10. HP: 82/82 MP: 10/10
  8455 | D:8      | Reached skill level 9 in Fighting
  8607 | D:8      | Reached **** piety under Trog
  9575 | D:9      | Noticed a manticore
  9597 | D:9      | Killed a manticore
 10135 | D:10     | Entered Level 10 of the Dungeon
 10591 | D:10     | Reached skill level 10 in Fighting
 11437 | D:11     | Noticed a two-headed ogre
 11458 | D:11     | Killed a two-headed ogre
 11459 | D:11     | Gained mutation: You regenerate a little health from kills.
                  | [demonic ancestry]
 11459 | D:11     | Reached XP level 11. HP: 74/92 MP: 11/11
 11531 | D:11     | Found Gitugo's Antique Weapon Emporium.
 11606 | D:11     | Found a staircase to the Orcish Mines.
 11636 | D:11     | Reached ***** piety under Trog
 11765 | D:11     | Reached skill level 10 in Axes
 12001 | D:11     | Found a staircase to the Lair.
 12456 | Lair:1   | Entered Level 1 of the Lair of Beasts
 12571 | Lair:1   | Reached skill level 11 in Fighting
 12857 | Lair:1   | Reached skill level 1 in Evocations
 13508 | Lair:2   | Received a gift from Trog
 13569 | Lair:2   | Noticed Urug
 13576 | Lair:2   | Killed Urug
 13593 | Lair:2   | Gained mutation: You have an extremely huge brain. (Int +4)
                  | [demonic ancestry]
 13593 | Lair:2   | Reached XP level 12. HP: 100/100 MP: 12/12
 13931 | Lair:2   | Found a hole to the Spider Nest.
 13944 | Lair:2   | Reached skill level 12 in Fighting
 14347 | Lair:3   | Found a staircase to the Shoals.
 14357 | Lair:3   | Noticed a catoblepas
 14478 | Lair:3   | Killed a catoblepas
 14479 | Lair:3   | Noticed a five-headed hydra
 14598 | Lair:3   | Killed a two-headed hydra
 14764 | Lair:3   | Noticed Gastronok
 14883 | Lair:3   | Found a frozen archway.
 14935 | Lair:3   | Killed Gastronok
 15487 | Lair:3   | Gained mutation: Your hexes are more powerful. [demonic
                  | ancestry]
 15487 | Lair:3   | Reached XP level 13. HP: 91/109 MP: 13/13
 15634 | Lair:4   | Found a transporter.
 15640 | Lair:4   | Found a bloodstained altar of Trog.
 15700 | Lair:4   | Noticed Sopaderocas's ghost (journeyman GrEE)
 15710 | Lair:4   | Found a transporter.
 16123 | Lair:4   | Reached skill level 5 in Evocations
 16253 | Lair:4   | Reached skill level 13 in Fighting
 17263 | Lair:6   | Entered Level 6 of the Lair of Beasts
 17335 | Lair:6   | Received a gift from Trog
 17357 | Lair:5   | Slain by a death yak

Illustrated notes

Levels and vault maps discovered:
D:1:      zelgadis_glass_arrival_small, layout_loops_ring,
          dreamdust_ecumenical_altar_angels_and_demons
D:2:      layout_loops_ring
D:3:      layout_loops_ring, mainiacjoe_overflow_concentric_impassable,
          nicolae_uskayaw_murder_on_the_dancefloor
D:4:      layout_basic, gammafunk_temple_overflow_claw,
          ebering_ghost_rock_garden
D:5:      layout_gridville, general_overflow_altar, kennysheep_generic_room_15
D:6:      layout_loops_ring, nemelex_dance_club_becter,
          lemuel_temple_firewalk_b, uniq_eustachio
D:7:      layout_basic
D:8:      layout_rooms, demons_altar
D:9:      minmay_flawed_box, layout_gridville, serial_bayou,
          serial_bayou_pond_b, serial_bayou_shore_a, serial_bayou_ford_a,
          serial_bayou_crossing, serial_bayou_pond_b, serial_bayou_lake_a
D:10:     layout_basic
D:11:     layout_basic, lair_entry_dummy, david_orc_5, serial_shops,
          nicolae_take_the_stairs
Temple:   minmay_temple_curvy_branch
Lair:1:   layout_roguey, st_stairs_8, grunt_megastairs_2
Lair:2:   layout_loops_ring, spider_nest_entry_a, kennysheep_rathole, uniq_urug
Lair:3:   layout_small_grid, elwin_shoals_entry_rocks,
          portal_ice_cave_entry_imps, grunt_megastairs_5, uniq_gastronok
Lair:4:   layout_hall_layers, gammafunk_ghost_wrathful_warriors,
          infiniplex_staircase_pool_2
Lair:5:   layout_hall_layers, special_room [special_room_mythical_zoo],
          chequers_serial_rivers_micro_e, serial_bayou_pond_d
Lair:6:   evilmike_catoblepas_cave, layout_concentric_octagons, slime_altar_2

Skill      XL: |  1  2  3  4  5  6  7  8  9 10 11 12 13 |
---------------+----------------------------------------+-----
Dodging        | 2 3 4 5 6 7 8 9 |  9.0
Axes           | 3 4 5 6 8 9 10 11 12 | 12.4
Armour         | 2 3 4 5 6 7 8 9 |  9.0
Fighting       | 4 5 6 7 8 10 11 12 13 | 13.4
Evocations     | 2 4 5 |  5.8

Action                   |  1- 3 |  4- 6 |  7- 9 | 10-12 | 13-15 || total
-------------------------+-------+-------+-------+-------+-------++-------
Melee: Hand axe          |   123 |   164 |   150 |       |       ||   437
       Kick              |    24 |    38 |    78 |   232 |    66 ||   438
       War axe           |       |       |    86 |   481 |       ||   567
       Battleaxe         |       |       |       |   184 |   171 ||   355
Invok: Berserk           |     1 |     4 |    11 |     6 |     1 ||    23
       Trog's Hand       |       |     2 |     2 |     7 |     1 ||    12
       Brothers in Arms  |       |       |       |     2 |     1 ||     3
Evoke: Wand              |       |       |       |    20 |       ||    20
  Use: Scroll            |       |     1 |    11 |     7 |     1 ||    20
       Potion            |       |       |       |     1 |     2 ||     3
Armor: Animal skin       |     2 |       |       |       |       ||     2
       Scale mail        |    51 |    71 |   108 |   188 |       ||   418
       Plate armour      |       |       |       |   212 |   212 ||   424
Dodge: Dodged            |    69 |    67 |   111 |   339 |   110 ||   696
Block: Other             |       |     8 |    26 |   118 |    31 ||   183
